 Dungeon Crawl Stone Soup version 0.26.0-90-g5fd8617961 (webtiles) character file.

Game seed: 8873281596722406914

366113 OdinFK the Imperceptible (level 23, -3/147 HPs)
             Began as a Kobold Enchanter on Feb 1, 2021.
             Was the Champion of Wu Jian.
             Slain by an acid blob (4 damage)
             ... on level 1 of the Pits of Slime on Feb 2, 2021.
             The game lasted 06:01:07 (46658 turns).

OdinFK the Imperceptible (Kobold Enchanter)        Turns: 46658, Time: 06:01:08

Health: -3/147     AC:  3    Str: 14    XL:     23   Next: 60%
Magic:  34/39      EV: 36    Int: 18    God:    Wu Jian [******]
Gold:   1734       SH: 15    Dex: 20    Spells: 7/28 levels left

rFire    + . .     SeeInvis +   b - +9 rapier (elec)
rCold    + . .     Faith    .   s - +3 buckler {reflect}
rNeg     + . .     Spirit   .   d - +2 robe {rC+ rF+}
rPois    .         Reflect  +   L - +2 helmet {SInv}
rElec    .         Harm     .   B - +2 cloak {Will+}
rCorr    +         Rampage  .   Z - +2 pair of gloves {Str+3}
Will     ++...                  g - +1 pair of boots
Stlth    ++++++++++             T - amulet of reflection
HPRegen  0.34/turn              n - ring of resist corrosion
MPRegen  0.26/turn              G - ring of Sekuwk Kirchi {rN+ MP+9 EV+4 Str+4}

@: corroded
A: small, clumsy 1, high mp 1, nightstalker 3
}: 2/15 runes: serpentine, barnacled
a: Renounce Religion, Wall Jump, Serpent's Lash, Heavenly Storm


You were on level 1 of the Pits of Slime.
You worshipped Wu Jian.
Wu Jian was exalted by your worship.
You visited 8 branches of the dungeon, and saw 38 of its levels.
You also visited: Trove and Volcano.

You collected 5595 gold pieces.
You spent 3861 gold pieces at shops.

Inventory:

Hand Weapons
 a - the +8 short sword of Yeast {vorpal, rN+ Stlth+}
   (You acquired it on level 1 of the Vaults)

   It inflicts extra damage upon your enemies.
   It protects you from negative energy.
   It makes you more stealthy.
 b - a +9 rapier of electrocution (weapon)
Missiles
 l - 9 throwing nets
 v - 23 curare-tipped darts
 x - 4 boomerangs of dispersal (quivered)
 y - 17 atropa-tipped darts
 z - 42 boomerangs
Armour
 d - a +2 robe of resistance (worn)
 g - a +1 pair of boots (worn)
 s - a +3 buckler of reflection (worn)
 B - a +2 cloak of willpower (worn)
 L - a +2 helmet of see invisible (worn)
 Z - a +2 pair of gloves of strength (worn)
Jewellery
 n - a ring of resist corrosion (left hand)
 G - the ring of Sekuwk Kirchi (right hand) {rN+ MP+9 EV+4 Str+4}
   (You bought it in a shop on level 2 of the Orcish Mines)

   [ring of evasion]

   It affects your evasion (+4).
   It affects your strength (+4).
   It protects you from negative energy.
   It affects your magic capacity (+9).
 H - the ring of Leuxt {Will+ Dex+4}
   (You found it on level 6 of the Lair of Beasts)

   [ring of willpower]

   It affects your dexterity (+4).
   It affects your willpower, your defense against some magical effects.
 J - the ring "Itsu" {rElec rPois rC- Will+ Int+8}
   (You bought it in a shop on level 2 of the Orcish Mines)

   [ring of willpower]

   It affects your intelligence (+8).
   It makes you vulnerable to cold.
   It insulates you from electricity.
   It protects you from poison.
   It affects your willpower, your defense against some magical effects.
 O - an uncursed ring of protection from fire
 T - an amulet of reflection (around neck)
Wands
 q - a wand of disintegration (39)
 F - a wand of acid (23)
 K - a wand of enslavement (2)
 Q - a wand of flame (46)
 R - a wand of paralysis (22)
 U - a wand of digging (3)
 V - a wand of iceblast (7)
Scrolls
 i - 7 scrolls of identify
 t - 11 scrolls of teleportation
 u - 16 scrolls of remove curse
 A - a scroll of summoning
 M - 4 scrolls of magic mapping
 N - 3 scrolls of holy word
 P - 4 scrolls of silence
 W - 6 scrolls of fog
Potions
 c - 11 potions of curing
 h - 6 potions of haste
 m - 7 potions of might
 r - 4 potions of resistance
 w - 4 potions of heal wounds
 C - 3 potions of cancellation
 D - 14 potions of ambrosia
Miscellaneous
 e - a phantom mirror
 j - a tin of tremorstones (2/2)
 I - a box of beasts
 X - a phial of floods


   Skills:
 + Level 16.3 Fighting
 + Level 14.5 Short Blades
 - Level 0.8(6.2) Long Blades
 - Level 8.0 Throwing
 - Level 3.7 Armour
 + Level 18.3 Dodging
 + Level 24.2 Stealth
 - Level 5.6 Shields
 - Level 3.0 Spellcasting
 + Level 16.3 Hexes
 - Level 1.0 Translocations
 - Level 10.0 Ice Magic
 + Level 15.4 Evocations


You had 7 spell levels left.
You knew the following spells:

 Your Spells              Type           Power        Failure   Level
a - Apportation           Tloc           12%          11%         1
b - Ensorcelled Hibernat  Hex/Ice        100%         1%          2
c - Confusing Touch       Hex            57%          1%          3
d - Tukima's Dance        Hex            57%          1%          3
e - Slow                  Hex            57%          1%          2
f - Cause Fear            Hex            28%          1%          4
g - Invisibility          Hex            57%          3%          6

Your spell library contained the following spells:

 Spells                   Type           Power        Failure   Level
 Corona                   Hex            63%          1%          1
 Dazzling Flash           Conj/Hex       64%          1%          3
 Inner Flame              Hex/Fire       32%          1%          3
 Portal Projectile        Hex/Tloc       66%          1%          3
 Summon Guardian Golem    Hex/Summ       32%          1%          3
 Metabolic Englaciation   Hex/Ice        25%          1%          5
 Fulminant Prism          Conj/Hex       16%          6%          4
 Leda's Liquefaction      Hex/Erth       16%          6%          4
 Beastly Appendage        Tmut           4%           16%         1
 Magic Dart               Conj           8%           16%         1
 Pain                     Necr           8%           16%         1
 Sandblast                Erth           4%           16%         1
 Summon Small Mammal      Summ           8%           16%         1
 Blink                    Tloc           N/A          16%         2
 Silence                  Hex/Air        16%          16%         5
 Summon Mana Viper        Hex/Summ       32%          16%         5
 Yara's Violent Unravell  Hex/Tmut       16%          16%         5
 Ice Form                 Ice/Tmut       20%          21%         4
 Summon Ice Beast         Ice/Summ       20%          21%         4
 Call Imp                 Summ           2%           24%         2
 Passwall                 Tmut/Erth      1%           24%         2
 Searing Ray              Conj           4%           24%         2
 Wereblood                Tmut           2%           24%         2
 Lesser Beckoning         Tloc           3%           32%         3
 Call Canine Familiar     Summ           2%           43%         3
 Conjure Flame            Conj/Fire      2%           43%         3
 Mephitic Cloud           Conj/Pois/Air  2%           43%         3
 Spider Form              Tmut/Pois      1%           43%         3
 Stone Arrow              Conj/Erth      4%           43%         3
 Iskenderun's Mystic Bla  Conj/Tloc      4%           78%         4
 Petrify                  Tmut/Erth      2%           85%         4
 Summon Lightning Spire   Summ/Air       2%           85%         4
 Agony                    Necr           2%           99%         5
 Alistair's Intoxication  Tmut/Pois      1%           99%         5
 Blade Hands              Tmut           1%           99%         5
 Bolt of Magma            Conj/Fire/Erth 1%           99%         5
 Iskenderun's Battlesphe  Conj           2%           99%         5
 Lee's Rapid Deconstruct  Erth           1%           99%         5
 Summon Demon             Summ           1%           99%         5
 Iron Shot                Conj/Erth      1%           100%        6
 Orb of Destruction       Conj           1%           100%        7
 Spellforged Servitor     Conj/Summ      1%           100%        7
 Summon Hydra             Summ           1%           100%        7
 Discord                  Hex            28%          80%         8
 Tornado                  Air            1%           100%        9


Dungeon Overview and Level Annotations

Branches:
Dungeon (15/15)            Temple (1/1) D:4            Lair (6/6) D:8
 Shoals (4/4) Lair:2        Snake (4/4) Lair:3        Slime (2/5) Lair:5
    Orc (2/2) D:11            Elf (0/3) Orc:2        Vaults (4/5) D:13
  Crypt (0/3) Vaults:3     Depths (0/5) D:15        Volcano (visited)

Altars:
Cheibriados
Dithmenos
Fedhas
Gozag
Kikubaaqudgha
Makhleb
Nemelex Xobeh
Okawaru
Qazlal
Ru
Sif Muna
Trog
Uskayaw
Vehumet
Wu Jian
Yredelemnul
The Shining One
Jiyva

Shops:
D:10 !   D:12 !   Orc:2 :*=?   Shoals:1 *   Shoals:3 =   Snake:1 (}
Snake:2 =}=   Vaults:1 [   Vaults:2 }   Vaults:3 [   Vaults:4 (

Annotations:
D:3 Robin
Lair:3 2 transporters
Lair:6 exclusion: 2 oklob plants
Orc:2 Saint Roka


Innate Abilities, Weirdness & Mutations

You are small and have problems with some larger weapons.
You are completely attuned to the shadows.
You are clumsy. (Dex -2)
You have an increased reservoir of magic. (+10% MP)


Message History

Here: an acid blob The floor.
Throw: 6 boomerangs (disperse)
Press: ? - help, Q - select action, (/) - cycle Shift-Dir - straight line, f - acid blob
Aim: an acid blob (90% to hit)
You throw a boomerang of dispersal.
The boomerang of dispersal hits the acid blob but does no damage.
The acid blob barely misses you. The acid blob spits acid at you.
The splash of acid hits you. You resist.
* * * LOW HITPOINT WARNING * * *
You are splashed with acid.
You resist.
* * * LOW HITPOINT WARNING * * *
Throw: 5 boomerangs (disperse)
Press: ? - help, Q - select action, (/) - cycle Shift-Dir - straight line, f/p - acid blob
Aim: an acid blob (90% to hit)
You throw a boomerang of dispersal.
The boomerang of dispersal hits the acid blob but does no damage.
You block the acid blob's attack. The acid blob hits you.
You die...

.........#....
..............#...
..................
###.................
.....................
....................#
...................##
.......J............#
..#....@.............
.......J......#.....
......#............
..............<....
................#.#
.#......^#.#.....#
..........#.....##
................#
....#.......#.....


You could see 2 acid blobs.

Vanquished Creatures
  Mennas (Vaults:2)
  Vashnia (Snake:2)
  Nikola (Shoals:1)
  Rupert (D:13)
  Jorgrun (Orc:2)
  Asterion (Vaults:2)
  2 acid blobs
  Polyphemus (Shoals:3)
  Kirke (Snake:2)
  A storm dragon (Vaults:4)
  A tengu reaver (Vaults:3)
  The ghost of Tuffe the Warrior, an adept FoFi of Okawaru (Snake:3)
  The ghost of VeinyPole the Brawler, an adept TrMo of Okawaru (Snake:2)
  4 nagarajas
  Ilsuiw (Shoals:2)
  2 deep elf sorcerers
  18 vault wardens
  A fire giant (Vaults:4)
  The ghost of raetorn the Unseen, an adept VSBe of Trog (Snake:2)
  A ghoul (Vaults:3)
  12 ironheart preservers
  7 stone giants
  A very ugly thing (Vaults:3)
  5 entropy weavers
  4 ettins
  5 fire dragons
  5 great orbs of eyes
  5 merfolk impalers
  7 yaktaur captains
  Josephine (D:14)
  3 merfolk javelineers
  2 ice dragons
  A rakshasa (D:15)
  14 naga warriors
  25 vault guards
  4 boulder beetles
  Erica (D:9)
  12 anacondas
  2 death knights
  2 alligator snapping turtles
  8 centaur warriors
  8 ogre magi
  8 hydras
  3 merfolk aquamancers
  5 merfolk avatars
  27 two-headed ogres
  A satyr (Shoals:2)
  3 catoblepae
  7 death yaks
  3 orc high priests (Orc:2)
  A deep troll shaman (Vaults:2)
  Urug (D:13)
  A deep troll earth mage (Vaults:2)
  17 naga sharpshooters
  8 shock serpents
  6 hell knights (Vaults:4)
  Nergalle (Lair:2)
  7 deep elf knights
  A skeletal warrior (Vaults:3)
  A salamander mystic (Snake:3)
  A fire crab (Volcano)
  A shadow wraith (Vaults:4)
  3 deep trolls
  2 flayed ghosts (Vaults:3)
  4 wizards
  3 sea snakes (Shoals:2)
  8 lindwurms
  4 unseen horrors
  11 naga ritualists
  A swamp dragon (Lair:6)
  3 deep elf archers
  13 ironbrand convokers
  3 necromancers
  9 orc knights
  19 harpies
  15 deep elf magi
  13 manticores
  12 cyclopes
  5 orc sorcerers
  31 fauns
  A shining eye (Slime:1)
  10 mana vipers
  3 wolf spiders
  8 salamanders
  A salamander (shapeshifter) (D:15)
  44 ugly things
  A stone giant skeleton (Vaults:2)
  64 black mambas
  8 elephants
  6 water nymphs
  6 merfolk sirens
  An eye of devastation (Slime:1)
  Maurice (D:8)
  Psyche (D:11)
  22 naga magi
  A gargoyle (D:14)
  4 torpor snails (Lair:6)
  18 cane toads
  A molten gargoyle (Volcano)
  6 guardian serpents
  9 komodo dragons
  13 vault sentinels
  A cane toad (shapeshifter) (Vaults:1)
  3 rime drakes (Lair:6)
  4 freezing wraiths
  2 komodo dragons (shapeshifter)
  4 kobold demonologists
  36 yaktaurs
  An efreet (D:14)
  3 tengu conjurers
  3 jumping spiders
  3 meliai (D:14)
  3 polar bears
  A queen bee (Lair:2)
  5 trolls
  A harpy zombie (D:15)
  33 merfolk
  A meliai zombie (D:11)
  3 tyrant leeches (Lair:6)
  11 hornets
  32 slime creatures
  A stone giant simulacrum (Vaults:2)
  21 dream sheep
  10 snapping turtles
  7 wind drakes
  10 blink frogs
  A centaur simulacrum (D:10)
  Sigmund (D:2)
  A spriggan (shapeshifter) (D:15)
  3 shadows
  4 wyverns
  2 hogs (Snake:2)
  2 tarantellas
  A vampire (D:15)
  47 yaks
  9 redbacks
  15 water elementals
  10 fire bats (Volcano)
  8 wraiths
  11 basilisks
  4 steam dragons
  5 vampire mosquitoes
  4 acid dragons
  45 nagas
  5 wargs
  An acid dragon (shapeshifter) (Vaults:1)
  2 hell hounds (Volcano)
  A soldier ant (D:12)
  Duvessa (D:7)
  17 water moccasins
  28 orc warriors
  2 phantoms
  7 ice beasts
  3 swamp drakes (Lair:6)
  5 sky beasts
  A hornet zombie (D:15)
  3 black bears
  16 centaurs
  18 ogres
  23 wolves
  5 boggarts (Vaults:2)
  3 eyes of draining
  28 bullfrogs
  9 big kobolds
  Dowan (D:7)
  A wyvern skeleton (D:14)
  2 scorpions
  2 troll zombies (D:11)
  An elf simulacrum (Vaults:3)
  2 human simulacra (Vaults:2)
  24 wights
  42 killer bees
  2 electric eels (Lair:2)
  A howler monkey (D:6)
  2 lava snakes (Volcano)
  4 bullfrog zombies
  4 hounds
  4 centaur zombies
  17 orc priests
  A centaur skeleton (D:6)
  4 jellies
  17 orc wizards
  Terence (D:3)
  6 iguanas
  8 hell rats
  13 worker ants
  4 ogre zombies (D:11)
  A hound zombie (D:10)
  A hound skeleton (D:10)
  A howler monkey zombie (D:7)
  3 gnolls (Orc:1)
  A river rat (D:6)
  26 adders
  A river rat (shapeshifter) (Vaults:2)
  2 shadow imps
  A white imp (D:10)
  2 ufetubi (D:6)
  4 worms
  3 leopard geckos
  75 orcs
  4 giant cockroaches
  13 goblins
  12 hobgoblins
  13 jackals
  7 quokkas
  3 ball pythons
  4 bats
  3 frilled lizards
  A goblin skeleton (D:11)
  2 goblin zombies (D:11)
  A hobgoblin skeleton (D:11)
  5 hobgoblin zombies (D:11)
  A jackal zombie (D:5)
  27 kobolds
  An orc skeleton (D:11)
  9 orc zombies (D:11)
  19 rats
  2 butterflies (Lair:4)
1628 creatures vanquished.

Vanquished Creatures (collateral kills)
  A vault warden (Vaults:3)
  Aizul (Snake:1)
  A merfolk impaler (Shoals:4)
  2 hydras (Lair:6)
  3 naga warriors
  A two-headed ogre (Vaults:1)
  A naga sharpshooter (Snake:4)
  A naga ritualist (Snake:4)
  An ugly thing (Vaults:2)
  A merfolk siren (Shoals:2)
  A torpor snail (Lair:6)
  A vault sentinel (Vaults:2)
  A yaktaur (Vaults:3)
  A polar bear (Lair:6)
  4 merfolk
  5 yaks (Lair:6)
  A naga (Snake:4)
  5 ice beasts (Lair:6)
32 creatures vanquished.

Vanquished Creatures (others)
  A naga warrior (Snake:3)
  A naga ritualist (Snake:2)
  A merfolk (Shoals:1)
  18 dancing weapons
  2 humans (Snake:2)
  An orc wizard (Orc:2)
  72 fungi
  364 plants
  A withered plant (Shoals:2)
461 creatures vanquished.

Grand Total: 2121 creatures vanquished

Notes
Turn   | Place    | Note
-------+----------+-------------------------------------------
     0 | D:1      | OdinFK the Kobold Enchanter began the quest for the Orb.
     0 | D:1      | Reached XP level 1. HP: 10/10 MP: 3/3
   464 | D:1      | Reached XP level 2. HP: 15/15 MP: 3/5
   468 | D:1      | Learned a level 2 spell: Ensorcelled Hibernation
   800 | D:2      | Reached XP level 3. HP: 19/19 MP: 6/6
  1079 | D:2      | Noticed Sigmund
  1156 | D:2      | Reached skill level 1 in Ice Magic
  1198 | D:2      | Reached skill level 5 in Stealth
  1198 | D:2      | Reached XP level 4. HP: 24/24 MP: 7/7
  1262 | D:2      | Found an opulent altar of Gozag.
  1338 | D:2      | Found a glowing golden altar of the Shining One.
  1773 | D:3      | Reached XP level 5. HP: 24/28 MP: 8/8
  1796 | D:3      | Learned a level 3 spell: Confusing Touch
  1872 | D:3      | Noticed Robin
  1999 | D:2      | Killed Sigmund
  2000 | D:2      | Reached skill level 7 in Stealth
  2000 | D:2      | Reached skill level 1 in Fighting
  2000 | D:2      | Reached XP level 6. HP: 33/34 MP: 2/9
  2018 | D:3      | Reached skill level 1 in Evocations
  2096 | D:3      | Noticed Terence
  2100 | D:3      | Killed Terence
  2168 | D:3      | Noticed an orc warrior
  2298 | D:3      | Reached XP level 7. HP: 38/38 MP: 3/10
  2911 | D:4      | Reached skill level 1 in Throwing
  3079 | D:4      | Found a staircase to the Ecumenical Temple.
  3104 | Temple   | Entered the Ecumenical Temple
  3118 | Temple   | Became a worshipper of the Wu Jian Council
  3268 | D:5      | Entered Level 5 of the Dungeon
  3327 | D:5      | Found a sparkling altar of Nemelex Xobeh.
  3338 | D:5      | Found a hide-covered altar of Uskayaw.
  3436 | D:5      | Found a radiant altar of Vehumet.
  3521 | D:5      | Found a shadowy altar of Dithmenos.
  3701 | D:5      | Reached skill level 1 in Shields
  3701 | D:5      | Reached XP level 8. HP: 26/44 MP: 11/11
  3905 | D:6      | Reached skill level 8 in Stealth
  4189 | D:6      | Reached * piety under Wu Jian
  4293 | D:6      | Reached skill level 5 in Hexes
  4324 | D:6      | Reached skill level 5 in Short Blades
  4622 | D:6      | Reached skill level 9 in Stealth
  4622 | D:6      | Reached XP level 9. HP: 41/48 MP: 9/12
  4659 | D:6      | Learned a level 3 spell: Tukima's Dance
  4866 | D:7      | Found a bloodstained altar of Trog.
  5381 | D:7      | Noticed Duvessa
  5381 | D:7      | Noticed Dowan
  5383 | D:7      | Killed Duvessa
  5391 | D:7      | Killed Dowan
  5626 | D:7      | Found a burning altar of Makhleb.
  6183 | D:8      | Found a staircase to the Lair.
  6200 | D:8      | Reached skill level 5 in Dodging
  6202 | D:8      | Reached ** piety under Wu Jian
  6257 | D:8      | Noticed Maurice
  6594 | D:8      | Noticed a komodo dragon
  6595 | D:8      | Killed Maurice
  6596 | D:8      | Reached XP level 10. HP: 56/56 MP: 8/13
  6608 | D:8      | Reached skill level 10 in Stealth
  6609 | D:8      | Killed a komodo dragon
  7186 | D:8      | Found a basalt altar of Yredelemnul.
  7255 | Lair:1   | Entered Level 1 of the Lair of Beasts
  7351 | Lair:1   | Reached skill level 11 in Stealth
  7545 | Lair:1   | Noticed a komodo dragon
  7548 | Lair:1   | Killed a komodo dragon
  7549 | Lair:1   | Noticed a cane toad
  7552 | Lair:1   | Reached skill level 12 in Stealth
  7565 | Lair:1   | Noticed a komodo dragon
  7580 | Lair:1   | Killed a komodo dragon
  7580 | Lair:1   | Reached *** piety under Wu Jian
  7601 | Lair:1   | Killed a cane toad
  7641 | Lair:1   | Noticed a cane toad
  7647 | Lair:1   | Killed a cane toad
  7654 | Lair:1   | Reached XP level 11. HP: 62/62 MP: 6/14
  7683 | Lair:1   | Reached skill level 5 in Ice Magic
  7763 | Lair:1   | Reached skill level 5 in Evocations
  8091 | Lair:2   | Found a dark tunnel.
  8099 | Volcano  | Entered a volcano
  8125 | Volcano  | Reached skill level 5 in Fighting
  8454 | Volcano  | Noticed a fire crab
  8462 | Volcano  | Found a burning altar of Makhleb.
  8462 | Volcano  | Noticed a lindwurm
  8478 | Volcano  | Reached **** piety under Wu Jian
  8481 | Volcano  | Killed a lindwurm
  8563 | Volcano  | Killed a fire crab
  8703 | Lair:2   | Reached skill level 13 in Stealth
  9022 | Lair:2   | Reached XP level 12. HP: 64/70 MP: 9/15
  9193 | Lair:2   | Learned a level 2 spell: Slow
  9365 | Lair:2   | Reached skill level 10 in Short Blades
  9404 | Lair:2   | Reached skill level 5 in Shields
  9819 | Lair:2   | Found a staircase to the Shoals.
  9893 | Lair:2   | Noticed Nergalle
  9897 | Lair:2   | Killed Nergalle
  9995 | Lair:2   | Reached ***** piety under Wu Jian
 10007 | Lair:2   | Reached skill level 14 in Stealth
 10180 | Lair:3   | Got a bone rapier
 10181 | Lair:3   | Identified the +2 rapier "Puruu" {flame, rC+ Str+3 Dex+3}
                  | (You found it on level 3 of the Lair of Beasts)
 10210 | Lair:3   | Noticed a seven-headed hydra
 10272 | Lair:3   | Noticed a boulder beetle
 10275 | Lair:3   | Killed a boulder beetle
 10293 | Lair:3   | Reached skill level 15 in Stealth
 10363 | Lair:3   | Found a staircase to the Snake Pit.
 10743 | Lair:3   | Reached XP level 13. HP: 75/75 MP: 16/16
 10867 | Lair:3   | Found a transporter.
 10867 | Lair:3   | Found a transporter.
 11318 | Lair:4   | Noticed a four-headed hydra
 11320 | Lair:4   | Killed a four-headed hydra
 11442 | Lair:4   | Noticed a fire dragon
 11445 | Lair:4   | Killed a fire dragon
 12058 | Lair:5   | Found a staircase to the Slime Pits.
 12058 | Lair:5   | Found a viscous altar of Jiyva.
 12135 | Lair:5   | Gained mutation: Your magical capacity is low. (-10% MP)
                  | [mutagenic glow]
 12152 | Lair:5   | Gained mutation: You are frail. (-10% HP) [mutagenic glow]
 12628 | Lair:5   | Reached skill level 16 in Stealth
 12820 | Lair:5   | Reached ****** piety under Wu Jian
 13206 | Lair:6   | Entered Level 6 of the Lair of Beasts
 13312 | Lair:6   | Noticed a seven-headed hydra
 13388 | Lair:6   | Reached skill level 17 in Stealth
 13476 | Lair:5   | Noticed a seven-headed hydra
 13544 | Lair:5   | Reached XP level 14. HP: 75/75 MP: 10/15
 13807 | Lair:6   | Reached skill level 18 in Stealth
 14823 | D:9      | Found a snail-covered altar of Cheibriados.
 14886 | D:9      | Noticed Erica
 14902 | D:9      | Killed Erica
 15007 | D:9      | Found an ancient bone altar of Kikubaaqudgha.
 15010 | D:9      | Found a sacrificial altar of Ru.
 15013 | D:9      | Found a stormy altar of Qazlal.
 15075 | D:10     | Entered Level 10 of the Dungeon
 15312 | D:10     | Found a blossoming altar of Fedhas.
 15380 | D:10     | You fall into a shaft and drop 2 floors!
 15465 | D:12     | Learned a level 1 spell: Apportation
 15549 | D:12     | Found Kapligh's Distillery.
 15555 | D:12     | Bought a potion of resistance for 160 gold pieces
 15555 | D:12     | Bought a potion of cancellation for 128 gold pieces
 15662 | D:12     | Reached skill level 1 in Translocations
 16454 | D:13     | Noticed Rupert
 16457 | D:13     | Killed Rupert
 16458 | D:13     | Reached skill level 10 in Dodging
 16723 | D:13     | Noticed Urug
 16725 | D:13     | Killed Urug
 17008 | D:13     | Reached XP level 15. HP: 81/81 MP: 11/16
 17713 | D:14     | Reached skill level 19 in Stealth
 17781 | D:14     | Noticed Josephine
 18088 | D:14     | Reached skill level 10 in Fighting
 18416 | D:15     | Entered Level 15 of the Dungeon
 18713 | D:15     | Reached skill level 20 in Stealth
 19304 | D:15     | Found a staircase to the Depths.
 19387 | D:15     | Reached XP level 16. HP: 85/87 MP: 2/17
 19925 | D:13     | Found a gate to the Vaults.
 20228 | D:11     | Found a staircase to the Orcish Mines.
 20700 | D:10     | Found Zoonulem's Distillery.
 20735 | D:10     | Bought a potion of heal wounds for 75 gold pieces
 20735 | D:10     | Bought a potion of heal wounds for 75 gold pieces
 21221 | D:11     | Noticed Psyche
 21224 | D:11     | Killed Psyche
 21325 | D:11     | Upgraded the game from 0.26.0-57-g60708a5e39 to
                  | 0.26.0-90-g5fd8617961
 21326 | Orc:1    | Entered Level 1 of the Orcish Mines
 21350 | Orc:1    | Reached skill level 10 in Evocations
 21584 | Orc:2    | Entered Level 2 of the Orcish Mines
 21589 | Orc:2    | Noticed Saint Roka
 22077 | Orc:2    | Found a staircase to the Elven Halls.
 22523 | Orc:2    | Found Gotieb's Assorted Antiques.
 22523 | Orc:2    | Found Basm's Book Shoppe.
 22534 | Orc:2    | Found Xenef's Magic Scroll Boutique.
 22534 | Orc:2    | Found Duaronaog's Jewellery Shoppe.
 22544 | Orc:2    | Bought the ring of Sekuwk Kirchi {rN+ MP+9 EV+4 Str+4} for
                  | 1192 gold pieces
 22551 | Orc:2    | Bought a scroll of enchant armour for 105 gold pieces
 22551 | Orc:2    | Bought a scroll of identify for 28 gold pieces
 22551 | Orc:2    | Bought a scroll of identify for 28 gold pieces
 22551 | Orc:2    | Bought a scroll of silence for 105 gold pieces
 22551 | Orc:2    | Bought a scroll of identify for 28 gold pieces
 22551 | Orc:2    | Bought a scroll of identify for 28 gold pieces
 22551 | Orc:2    | Bought a scroll of identify for 28 gold pieces
 22568 | Orc:2    | Bought a fuming puce potion for 28 gold pieces
 22660 | Orc:2    | Noticed Jorgrun
 22663 | Orc:2    | Killed Jorgrun
 22664 | Orc:2    | Reached skill level 10 in Ice Magic
 22710 | Orc:1    | Reached skill level 10 in Hexes
 23041 | D:8      | Lost mutation: Your magical capacity is low. (-10% MP)
                  | [potion of mutation]
 23041 | D:8      | Lost mutation: You are frail. (-10% HP) [potion of
                  | mutation]
 23041 | D:8      | Gained mutation: You are clumsy. (Dex -2) [potion of
                  | mutation]
 23041 | D:8      | Gained mutation: You have an increased reservoir of magic.
                  | (+10% MP) [potion of mutation]
 23162 | Lair:3   | Got a transparent spear
 23770 | Lair:6   | Reached XP level 17. HP: 73/104 MP: 22/22
 23928 | Lair:6   | Learned a level 4 spell: Cause Fear
 23946 | Lair:6   | Found a runed translucent door.
 24143 | Lair:6   | Got a coiled pewter ring
 24145 | Lair:6   | Identified the ring of Leuxt {Will+ Dex+4} (You found it on
                  | level 6 of the Lair of Beasts)
 24522 | Lair:6   | Reached skill level 21 in Stealth
 24653 | Shoals:1 | Entered Level 1 of the Shoals
 24681 | Shoals:1 | Reached skill level 5 in Throwing
 24826 | Shoals:1 | Found Dumeb's Assorted Antiques.
 24872 | Shoals:1 | Bought a scroll labelled YTUGORI ULYSESEDIN for 25 gold
                  | pieces
 24874 | Shoals:1 | Bought a scroll of identify for 50 gold pieces
 24925 | Shoals:1 | Noticed Nikola
 25230 | Shoals:1 | Killed Nikola
 25887 | Shoals:2 | Reached skill level 22 in Stealth
 26096 | Shoals:2 | Noticed Ilsuiw
 26174 | Shoals:2 | Reached XP level 18. HP: 109/112 MP: 14/23
 27181 | Shoals:2 | Killed Ilsuiw
 27950 | Shoals:3 | Found Qapeimat's Jewellery Emporium.
 27961 | Shoals:3 | Bought an uncursed amulet of reflection for 540 gold pieces
 28695 | Shoals:3 | Noticed Polyphemus
 29331 | Shoals:4 | Entered Level 4 of the Shoals
 29407 | Shoals:3 | Killed Polyphemus
 30486 | Shoals:4 | Got a barnacled rune of Zot
 30539 | Shoals:4 | Noticed a kraken
 30901 | Orc:2    | Bought the ring "Itsu" {rElec rPois rC- Will+ Int+8} for
                  | 848 gold pieces
 30902 | Orc:2    | Bought a scroll of enchant weapon for 105 gold pieces
 31354 | Snake:1  | Entered Level 1 of the Snake Pit
 31403 | Snake:1  | Found a runed translucent door.
 31418 | Snake:1  | Found Weasi's Weapon Shoppe.
 31424 | Snake:1  | Found Niraq's Gadget Emporium.
 31447 | Snake:1  | Reached XP level 19. HP: 119/119 MP: 24/24
 31457 | Snake:1  | Noticed Aizul
 31522 | Snake:1  | Reached skill level 15 in Dodging
 32326 | Snake:1  | Killed Aizul
 32620 | Snake:1  | Identified the +2 robe of the Game of Life {Regen+}
 33345 | Snake:2  | Noticed Kirke
 33347 | Snake:2  | Killed Kirke
 33362 | Snake:2  | Noticed Vashnia
 33377 | Snake:2  | Killed Vashnia
 33378 | Snake:2  | Reached skill level 1 in Armour
 33378 | Snake:2  | Reached skill level 23 in Stealth
 34227 | Snake:2  | Found Puyrr's Jewellery Shoppe.
 34227 | Snake:2  | Found Huliphoh's Jewellery Shoppe.
 34228 | Snake:2  | Found Bessoyc's Gadget Shop.
 34347 | Snake:2  | Learned a level 6 spell: Invisibility
 34554 | Snake:2  | Found a runed translucent gate.
 34554 | Snake:2  | Found a runed translucent gate.
 34555 | Snake:2  | Found a runed translucent gate.
 34699 | Snake:2  | Noticed raetorn's ghost (adept VSBe)
 34699 | Snake:2  | Noticed VeinyPole's ghost (adept TrMo)
 34702 | Snake:2  | Killed raetorn's ghost
 34732 | Snake:2  | Killed VeinyPole's ghost
 34971 | Snake:3  | Found a large runed translucent door.
 34971 | Snake:3  | Found a large runed translucent door.
 35350 | Snake:3  | Reached XP level 20. HP: 126/126 MP: 25/25
 35443 | Snake:3  | Identified the +11 war axe of the Magi {venom, Dex+5} (You
                  | found it on level 3 of the Snake Pit)
 35764 | Snake:3  | Noticed Tuffe's ghost (adept FoFi)
 35817 | Snake:3  | Killed Tuffe's ghost
 35830 | Snake:3  | Got a smoking brass ring
 35832 | Snake:3  | Identified the cursed ring "Vaisedotz" {+Blink rElec AC-4}
                  | (You found it on level 3 of the Snake Pit)
 36108 | Snake:4  | Entered Level 4 of the Snake Pit
 36458 | Snake:3  | Identified a scroll of acquirement
 36459 | Snake:3  | Acquired the Catalogue of Floating Execration
 38790 | Snake:4  | Got a serpentine rune of Zot
 39132 | Vaults:1 | Entered Level 1 of the Vaults
 39266 | Vaults:1 | Reached skill level 24 in Stealth
 39518 | Vaults:1 | Found a portal to a secret trove of treasure.
 39852 | Vaults:1 | Reached XP level 21. HP: 132/132 MP: 26/26
 40470 | Vaults:1 | Found Tuehyijuubb's Antique Armour Boutique.
 40703 | Vaults:1 | Acquired the +8 short sword of Yeast {vorpal, rN+ Stlth+}
 40705 | Vaults:1 | Acquired 782 gold pieces
 40739 | Vaults:2 | Noticed Mennas
 40741 | Vaults:2 | Killed Mennas
 40811 | Vaults:2 | Found Jacinypo's Gadget Boutique.
 40821 | Vaults:2 | Noticed Asterion
 40838 | Vaults:2 | Killed Asterion
 41312 | Vaults:2 | Reached skill level 15 in Fighting
 41510 | Vaults:2 | Reached XP level 22. HP: 65/140 MP: 27/27
 42405 | Vaults:3 | Reached skill level 15 in Evocations
 43056 | Vaults:3 | Found a staircase to the Crypt.
 43056 | Vaults:3 | Found an ancient bone altar of Kikubaaqudgha.
 43056 | Vaults:3 | Found a basalt altar of Yredelemnul.
 43093 | Vaults:3 | Reached skill level 15 in Hexes
 43577 | Vaults:3 | Found Uqither's Antique Armour Emporium.
 43582 | Vaults:3 | Reached XP level 23. HP: 130/147 MP: 28/28
 43582 | Vaults:3 | Bought a distressingly furry helmet for 285 gold pieces
 43596 | Vaults:3 | Identified the +1 helmet "Egageutu" {SInv} (You bought it
                  | in a shop on level 3 of the Vaults)
 43775 | Vaults:4 | Identified Spellcraft, Part Five
 43788 | Vaults:4 | Identified the Papyrus of Creation and Darkness
 44045 | Vaults:4 | HP: 5/147 [stone giant/large rock (32)]
 45357 | Vaults:4 | Found Coson's Antique Weapon Boutique.
 45700 | Vaults:1 | You paid a toll of +3 storm dragon scales to enter a
                  | treasure trove
 45701 | Trove    | Entered a treasure trove
 45716 | Trove    | Found the +8 whip "Snakebite" {curare, rPois}
 45716 | Trove    | Found the +7 captain's cutlass {speed, disarm}
 45723 | Trove    | Got a bloodstained short sword
 45741 | Trove    | Got a pitted quick blade
 45749 | Trove    | Got a slimy trident
 45819 | Vaults:1 | Identified the +6 short sword of Muguer {flame, rF- rC+
                  | rN+} (You found it in a treasure trove)
 45822 | Vaults:1 | Identified the +3 quick blade of Balance {pain, rN+ Will+}
                  | (You found it in a treasure trove)
 45824 | Vaults:1 | Identified the +1 trident of Poverty {vorpal, rPois SInv}
                  | (You found it in a treasure trove)
 45949 | D:14     | Killed Josephine
 46314 | Slime:1  | Entered Level 1 of the Pits of Slime
 46653 | Slime:1  | HP: 6/147 [acid (8)]
 46657 | Slime:1  | HP: 1/147 [acid (5)]
 46658 | Slime:1  | Slain by an acid blob

Illustrated notes

Levels and vault maps discovered:
D:1:      minmay_arrival_plants_in_alcoves, layout_basic, minmay_tromino_v2
D:2:      layout_rooms, nicolae_overflow_crystal_walls, tso_metal_star,
          uniq_sigmund
D:3:      layout_loops_ring, uniq_robin, uniq_terence
D:4:      layout_rooms, minmay_temple_entry_statues
D:5:      layout_cave_pools, nicolae_dithmenos_shadow_blocks, vehumet_crystals,
          overflow_temple_1_default, eat_drink_and_be_merry_uskayaw
D:6:      wander_guarded_unrand_ratskin, layout_basic, old_standard_altar,
          uniq_blork_the_orc
D:7:      layout_gridville, lightli_temple_of_fire, bloody_trog, uniq_duvessa
D:8:      layout_loops_corners, nicolae_overflow_hidden_temple,
          due_lair_maze_entry_diamond, uniq_maurice
D:9:      layout_basic, cheibrodos_worm_habitat, grunt_temple_overflow_diamond,
          uniq_erica
D:10:     layout_cave_pools, serial_shops, shop, serial_glass, glass_columns_a,
          glass_columns_a, glass_columns_b, glass_columns_a, glass_columns_a,
          glass_columns_a, glass_columns_a, glass_columns_b, glass_columns_a,
          glass_columns_c, glass_columns_b, glass_columns_b, glass_columns_b,
          glass_columns_b, minmay_strange_pillars, fedhas_altar_fruit_tree
D:11:     layout_roguey, zombieorc1_lemuel, uniq_psyche
D:12:     layout_basic, serial_shops, shop
D:13:     layout_irregular_city, lightli_vaults_fourway_checkpoint,
          kennysheep_generic_room_12, uniq_rupert, uniq_urug
D:14:     layout_gridville, ebering_dispersal_statue_hall, uniq_josephine
D:15:     grunt_enter_depths_snipers, layout_irregular_city,
          chequers_serial_rivers_micro_c
Temple:   pf_slime_end_temple
Lair:1:   layout_cave_pods, grunt_megastairs_1
Lair:2:   layout_loops_ring, minmay_shoals_entry_hut, special_room
          [special_room_bee], enter_volcano_1, nicolae_quartered_pool_medium,
          grunt_megastairs_5, lemuel_fruit_fields, lemuel_fruit_tree,
          uniq_nergalle
Lair:3:   layout_regular_city, minmay_snake_entry_guardpost_medium,
          gammafunk_ghost_hive, minmay_lindwurm_lava, serial_bayou_shore_a
Lair:4:   dragon1_lemuel, layout_loops_ring, lemuel_fruit_fields
Lair:5:   layout_misc_corridors, slime_altar_1
Lair:6:   wormcave, layout_cave_shapes, guppyfry_lair_end_dragon,
          portal_ice_cave_entry_ice_beasts, minmay_lair_oklob_chamber,
          infiniplex_staircase_pool, grunt_megastairs_2
Shoals:1: layout_shoals, serial_shops, shop_statue,
          nicolae_shoals_water_elemental_grotto, uniq_nikola
Shoals:2: layout_shoals, argonaut_gorgonesque, uniq_ilsuiw
Shoals:3: layout_shoals, minmay_shop_enchanted_jewellery, uniq_polyphemus
Shoals:4: shoals_end_grunt_garden, layout_shoals
Snake:1:  layout_misc_corridors, lightli_airlock, minmay_shoptagon, uniq_aizul
Snake:2:  layout_chambers, gammafunk_ghost_cemetery, special_room, st_stairs_11,
          minmay_shop_grove, uniq_vashnia, uniq_kirke
Snake:3:  kennysheep_six_static_rooms, layout_gridlike,
          ebering_ghost_disaster_area
Snake:4:  snake_pit, layout_cave_town, st_stairs_6
Slime:1:  layout_caves
Slime:2:  layout_caves
Orc:1:    layout_caves
Orc:2:    grunt_orc_tribal_feast, layout_diamond_mine, uniq_saint_roka,
          uniq_jorgrun
Vaults:1: v_misc_26, nicolae_vaults_three_branches,
          nicolae_vaults_big_angled_halls, ontoclasm_vaults_loading_screen,
          nicolae_vaults_asterisk, nicolae_vaults_network_star,
          vaults_room_pools, nicolae_vaults_asterisk, vaults_room_semicircle,
          layout_vaults_chaotic_city, nicolae_trove_entry_isolated,
          serial_shops, shop
Vaults:2: vaults_room_door_ring, ontoclasm_vaults_shout, vaults_mumra_minichess,
          nicolae_vaults_windows_and_doors_thing, hangedman_vaults_restitches,
          vaults_mumra_hex, nicolae_vaults_arrows,
          ontoclasm_vaults_decontamination, v_misc_17, nicolae_vaults_theta,
          vaults_mumra_minichess_inversion, hangedman_vaults_impose,
          vaults_room_pools, ontoclasm_vaults_ring_square,
          ontoclasm_vaults_pinch, layout_vaults_maze, serial_shops,
          shop_fountains, uniq_mennas, uniq_asterion
Vaults:3: vaults_dpeg_encased_lava, ontoclasm_vaults_shuriken,
          dpeg_vaults_monster_box, minmay_crypt_entry_necro_gods, v_misc_18,
          grunt_vaults_swirl, vaults_room_door_hall,
          nicolae_vaults_circle_grid_a, nicolae_vaults_little_squares_3,
          nicolae_vaults_meeting, vaults_room_mumra_shop_pool, v_misc_11,
          layout_vaults_ring
Vaults:4: nicolae_vaults_gold_heap, vaults_room_grid, v_misc_24,
          nicolae_vaults_little_ls, ontoclasm_vaults_misaligned, v_pattern_5,
          vaults_room_large_hall, layout_vaults_omnigrid, serial_shops,
          shop_fountains

Skill      XL: |  1  2  3  4  5  6  7  8  9 10 11 12 13 14 15 16 17 18 19 20 21 22 23 |
---------------+----------------------------------------------------------------------+-----
Short Blades   | 2 3 6 7 8 9 10 12 14 | 14.5
Dodging        | 3 4 5 7 9 10 12 13 14 15 16 17 18 | 18.3
Ice Magic      | 1 2 3 4 6 7 8 9 10 | 10.0
Stealth        | 5 7 9 12 13 15 17 18 20 22 23 24 | 24.2
Hexes          | 4 5 6 7 8 9 10 11 12 13 14 16 | 16.3
Fighting       | 1 2 3 4 6 8 9 10 11 12 13 14 15 16 | 16.3
Evocations     | 1 2 3 4 5 7 8 9 10 11 12 13 14 15 | 15.4
Throwing       | 1 2 4 5 6 7 8 |  8.0
Shields        | 1 3 4 5 |  5.6
Translocations | 1 |  1.0
Armour         | 2 3 |  3.7
Spellcasting   | 3 |  3.0
Long Blades    | |  0.8

Action                   |  1- 3 |  4- 6 |  7- 9 | 10-12 | 13-15 | 16-18 | 19-21 | 22-24 || total
-------------------------+-------+-------+-------+-------+-------+-------+-------+-------++-------
Melee: Dagger            |    63 |    50 |   476 |   256 |  1036 |  1584 |   702 |       ||  4167
       Unarmed           |       |       |     1 |       |       |       |       |       ||     1
       Rapier            |       |       |       |       |       |     9 |   808 |   694 ||  1511
       Short sword       |       |       |       |       |       |       |    26 |   105 ||   131
       Eudemon blade     |       |       |       |       |       |       |       |    20 ||    20
Throw: Dart              |       |       |       |       |       |    71 |     1 |       ||    72
       Throwing net      |       |       |       |       |       |     3 |       |       ||     3
       Boomerang         |       |       |       |       |       |     9 |    31 |    10 ||    50
 Cast: Corona            |     8 |       |     1 |       |       |       |       |       ||     9
       Ensorcelled Hiber |     8 |    14 |    43 |   110 |   191 |   278 |   168 |    81 ||   893
       Confusing Touch   |       |     1 |       |     1 |    10 |    24 |    49 |     5 ||    90
       Slow              |       |       |       |       |     3 |    10 |     4 |       ||    17
       Tukima's Dance    |       |       |       |       |       |    37 |    52 |    18 ||   107
       Cause Fear        |       |       |       |       |       |     2 |     1 |     1 ||     4
       Invisibility      |       |       |       |       |       |       |     1 |       ||     1
Invok: Lunge             |       |       |    39 |    56 |   150 |   174 |   162 |    87 ||   668
       Whirlwind         |       |       |     4 |    19 |    86 |   137 |   129 |    86 ||   461
 Abil: Evoke Flight      |       |       |       |       |       |       |       |     2 ||     2
Evoke: Wand              |       |       |    16 |     3 |    19 |    37 |     5 |     3 ||    83
       Box of beasts     |       |       |       |     1 |     2 |     4 |     3 |       ||    10
       Tin of tremorston |       |       |       |       |       |     6 |     3 |     2 ||    11
       Phial of floods   |       |       |       |       |       |     2 |     1 |       ||     3
       Phantom mirror    |       |       |       |       |       |     1 |     1 |       ||     2
  Use: Scroll            |       |     1 |     9 |     7 |     8 |    26 |    10 |    18 ||    79
       Potion            |       |       |     1 |     1 |     1 |     9 |     6 |     2 ||    20
 Stab: Sleeping          |    21 |    23 |    61 |   113 |   223 |   236 |   179 |   102 ||   958
       Confused          |       |     1 |     2 |     2 |     7 |    26 |    52 |     4 ||    94
       Distracted        |       |       |     2 |     2 |     5 |    28 |    19 |     5 ||    61
       Paralysed         |       |       |     1 |       |     3 |     4 |       |       ||     8
       Held in net/web   |       |       |       |       |       |     5 |       |       ||     5
       Petrifying        |       |       |       |       |       |     3 |       |       ||     3
       Petrified         |       |       |       |       |       |     2 |       |       ||     2
       Invisible         |       |       |       |       |       |       |     2 |       ||     2
Armor: Robe              |    16 |     5 |    55 |    21 |    82 |   120 |    87 |    27 ||   413
Dodge: Dodged            |    45 |    45 |   271 |   150 |   449 |   759 |   625 |   184 ||  2528
Block: Buckler           |       |       |    13 |    61 |   161 |   357 |   631 |   209 ||  1432
       Reflection        |       |       |       |       |       |    18 |   109 |    27 ||   154
       Rpst.: Eudemon blade |       |       |       |       |       |       |       |     2 ||     2
